 Dungeon Crawl Stone Soup version 0.18-a0-1639-g7533f42 (webtiles) character file.

294 dohliylev the Shield-Bearer (level 6, -3/38 HPs)
             Began as a Gargoyle Fighter on Mar 27, 2016.
             Was a Follower of Makhleb.
             Slain by dohliylev's ghost (8 damage)
             ... on level 4 of the Dungeon.
             The game lasted 00:12:53 (2685 turns).

dohliylev the Shield-Bearer (Gargoyle Fighter)      Turns: 2685, Time: 00:12:54

Health: -3/38      AC: 11    Str: 25    XL:     6   Next: 33%
Magic:  8/8        EV:  7    Int: 10    God:    Makhleb [*.....]
Gold:   100        SH: 10    Dex:  9    Spells: 1 memorised, 6 levels left

rFire  + . .     SeeInvis .     a - +0 war axe
rCold  . . .     Gourm    .     r - +0 ring mail (curse)
rNeg   + . .     Faith    .     c - +0 shield
rPois  ∞         Spirit   .     (no helmet)
rElec  +         Dismiss  .     u - +0 cloak
rCorr  .         Reflect  .     (no gloves)
SustAt .         Harm     .     (no boots)
MR     .....                    (no amulet)
Stlth  ..........               j - ring of protection from fire
                                o - +3 ring of evasion

@: mighty, not resistant to hostile enchantments, extremely unstealthy
A: negative energy resistance 1, electricity resistance, unbreathing,
petrification resistance, rot immunity, AC +4
a: Renounce Religion


You were on level 4 of the Dungeon.
You worshipped Makhleb.
Makhleb was aware of your devotion.
You were not hungry.

You visited 1 branch of the dungeon, and saw 4 of its levels.

You collected 100 gold pieces.

Inventory:

Hand Weapons
 a - a +0 war axe (weapon)
Armour
 b - a +0 scale mail
 c - a +0 shield (worn)
 g - a +0 pair of gloves
 r - a cursed +0 ring mail (worn)
 u - a +0 cloak (worn)
 x - a +0 cloak
Jewellery
 e - an uncursed ring of stealth
 j - a ring of protection from fire (right hand)
 o - a +3 ring of evasion (left hand)
Scrolls
 h - a scroll of enchant weapon {unknown}
 m - 2 scrolls of identify {unknown}
 n - a scroll of amnesia {unknown}
 s - a scroll of magic mapping {unknown}
 t - a scroll of noise {unknown}
 w - a scroll of remove curse {unknown}
 y - a scroll of random uselessness {unknown}
 z - a scroll of teleportation {unknown}
Potions
 k - a potion of invisibility {unknown}
 l - a potion of agility {unknown}
 q - a potion of curing {unknown}
 B - a potion of cure mutation {unknown}
Books
 p - a book of Minor Magic

   Spells                             Type                      Level
   a - Magic Dart                     Conjuration                  1
   b - Blink                          Translocation                2
   c - Call Imp                       Summoning                    2
   d - Repel Missiles                 Charms/Air                   2
   e - Slow                           Hexes                        2
   f - Conjure Flame                  Conjuration/Fire             3
   g - Mephitic Cloud                 Conjuration/Poison/Air       3
Comestibles
 f - 2 bread rations
 i - 2 meat rations
 v - 2 slices of pizza
 A - 2 chunks of flesh


   Skills:
 + Level 3.9 Fighting
 + Level 2.2 Axes
 + Level 4.1 Armour
 + Level 2.1 Dodging
 + Level 4.7 Shields
 * Level 1.7 Spellcasting
 * Level 1.3 Translocations


You had 6 spell levels left.
You knew the following spells:

 Your Spells              Type           Power        Failure   Level  Hunger
a - Blink                 Tloc           N/A          99%         2    ###....


Dungeon Overview and Level Annotations

Branches:
Dungeon (4/15)
 Temple: D:4-7

Altars:
Dithmenos
Makhleb
Nemelex Xobeh
Pakellas
Qazlal
Ru
Sif Muna
Trog

Shops:
D:4 (

Annotations:
D:4 dohliylev's ghost, amateur GrFi


Innate Abilities, Weirdness & Mutations

You are resistant to torment.
Your stone body is resilient (AC +4).
You are immune to poison.
You resist negative energy.
You are resistant to electric shocks.
You can survive without breathing.
You are immune to petrification.
You are immune to rotting.


Message History

You closely miss dohliylev's ghost.
Dohliylev's ghost is severely damaged.
Dohliylev's ghost closely misses you.
You hit dohliylev's ghost.
Dohliylev's ghost is severely damaged.
You block dohliylev's ghost's attack. Dohliylev's ghost hits you.
Dohliylev's ghost freezes you.
You closely miss dohliylev's ghost.
Dohliylev's ghost is severely damaged.
Dohliylev's ghost closely misses you.
You hit dohliylev's ghost.
Dohliylev's ghost is severely damaged.
Dohliylev's ghost hits you!
* * * LOW HITPOINT WARNING * * *
Dohliylev's ghost freezes you.
* * * LOW HITPOINT WARNING * * *
Dohliylev's ghost closely misses you.
There is an escape hatch in the ceiling here.
Dohliylev's ghost hits you!
You die...

##..######.......#.....#
.......# #<............#
.......# ##....##......#
.......#######.#.......#
.................#....[#
...............#########
..###..........# ..#
##.........### #.#
#.........W@# ..#
#.........#.# ##
##.##.#.####.#
##..#..#.# #.#
#.....#..####.###
#........##.....#
#.......###.....#
#...............#
#......#.##.....#


You could see dohliylev's ghost.

Vanquished Creatures
  A sky beast (D:3)
  A scorpion (D:4)
  An iguana (D:4)
  A worker ant (D:4)
  3 adders
  An adder skeleton (D:4)
  2 worms (D:4)
  2 dart slugs
  3 giant geckos
  4 orcs
  3 goblins (D:1)
  2 hobgoblins (D:3)
  5 jackals
  8 kobolds
  A quokka (D:2)
  A ball python (D:3)
  12 bats
  A giant gecko skeleton (D:4)
  4 giant newts
  2 rats (D:3)
58 creatures vanquished.

Notes
Turn   | Place    | Note
--------------------------------------------------------------
     0 | D:1      | dohliylev the Gargoyle Fighter began the quest for the Orb.
     0 | D:1      | Reached XP level 1. HP: 14/14 MP: 1/1
   169 | D:1      | Reached XP level 2. HP: 17/19 MP: 2/2
   678 | D:1      | Reached XP level 3. HP: 21/23 MP: 3/3
   734 | D:2      | Learned a level 2 spell: Blink
   938 | D:2      | Found a sparkling altar of Nemelex Xobeh.
   947 | D:2      | Found a deep blue altar of Sif Muna.
   952 | D:2      | Found a shadowy altar of Dithmenos.
   961 | D:2      | Found an oddly glowing altar of Pakellas.
   971 | D:2      | Found a bloodstained altar of Trog.
   978 | D:2      | Found a sacrificial altar of Ru.
   985 | D:2      | Found a burning altar of Makhleb.
   989 | D:2      | Became a worshipper of Makhleb the Destroyer
  1020 | D:2      | Found a stormy altar of Qazlal.
  1242 | D:4      | Reached skill level 1 in Dodging
  1242 | D:4      | Reached skill level 1 in Spellcasting
  1242 | D:4      | Reached XP level 4. HP: 28/28 MP: 5/5
  1406 | D:3      | Noticed a sky beast
  1418 | D:3      | Killed a sky beast
  1418 | D:3      | Reached skill level 1 in Translocations
  1418 | D:3      | Reached XP level 5. HP: 27/33 MP: 5/7
  2043 | D:4      | Noticed dohliylev's ghost (amateur GrFi)
  2445 | D:4      | Reached * piety under Makhleb
  2449 | D:4      | Reached XP level 6. HP: 26/38 MP: 8/8
  2472 | D:4      | Found Vutaut's Antique Weapon Emporium.
  2685 | D:4      | Slain by dohliylev's ghost

Vault maps used:
D:1:      dpeg_arrival_court, minmay_misc_feat_columns
D:2:      grunt_temple_overflow_octagram, overflow_temple_1_default
D:3:      minivault_5
D:4:      minmay_temple_entry_enclosed_plants, serial_shops,
          nicolae_shop_overgrown_old_shop

Skill      XL: |  1  2  3  4  5  6 |
---------------+-------------------+-----
Shields        | 4 |  4.7
Dodging        | 1 2 |  2.1
Spellcasting   | 1 |  1.7
Axes           | 2 |  2.2
Translocations | 1 |  1.3
Armour         | 4 |  4.1
Fighting       | |  3.9

Action                   |  1- 3 |  4- 6 || total
-------------------------+-------+-------++-------
Melee: War axe           |   135 |   168 ||   303
  Use: Potion            |       |     1 ||     1
  Eat: Bread ration      |     1 |       ||     1
       Chunk             |       |     2 ||     2
